AoeStats
← dashuaibi

Arena

509059083Analyzed
3v3 RM · 8d ago on Sep 25, 2026· 25m 7s· 6 players
Game mode
Random Map
Map size
Normal (6 player)
Population
200
Speed
Normal
Resources
Standard
Victory
Conquest
Starting age
Dark Age
Ending age
Imperial Age
RankedLock teamsTeams togetherTeam positionsShared explorationLock speedFull tech treeHidden civsTurbo modeCheats
Victory
Defeat
🇨🇳 Spanish · China
1434
+13
🇨🇳 Poles · China
1383
+15
🇦🇺 Ethiopians · Australia
1350
+16
🇫🇷 Saxons · France
1422
-18
🇫🇷 Varangians · France
1418
-17
🇫🇷 Saracens · France
1223
-9
Tom
10:09 Feudal Age
11:19 Loom
14:11 Castle Age
12:28 Double-Bit Axe
12:52 Horse Collar
15:19 Bow Saw
19:56 Wheelbarrow
21:38 Scale Mail Armor
21:48 Forging
21:57 Fletching
Ziko
7:39 Loom
10:32 Feudal Age
11:20 Loom
15:08 Castle Age
14:15 Double-Bit Axe
16:29 Elite Skirmisher
17:59 Fletching
emeric.poillong
8:24 Loom
11:17 Feudal Age
13:24 Loom
13:36 Double-Bit Axe
16:56 Castle Age
18:37 Bow Saw
18:09 Horse Collar
19:01 Gold Mining
23:34 Scale Barding Armor
23:40 Forging
23:19 Light Cavalry
24:09 Bloodlines
24:00 Husbandry
dashuaibi
10:15 Feudal Age
8:45 Loom
10:51 Feudal Age
15:24 Castle Age
13:32 Double-Bit Axe
13:50 Horse Collar
17:30 Bow Saw
19:18 Heavy Plow
22:11 Wheelbarrow
24:33 Stone Mining
24:34 Gold Mining
28:00 Imperial Age
25:47 Hand Cart
25:18 Town Watch
无助小羊
9:55 Feudal Age
11:07 Loom
13:50 Castle Age
12:39 Stone Mining
20:11 Fletching
23:55 Gold Mining
23:50 Double-Bit Axe
putinonaritz
10:48 Feudal Age
15:21 Castle Age
25:00 Double-Bit Axe
Connection lost

Rejoining the realm…

Still unreachable

The connection could not be restored.

Session expired

The server has moved on; the page needs a fresh start.